 Dungeon Crawl Stone Soup version 0.18-a0-1186-gd02dc51 (webtiles) character file.

907 Gorice the Poker (level 8, -3/66 HPs)
             Began as a Ghoul Wanderer on Jan 28, 2016.
             Was a Follower of Okawaru.
             Killed by divine providence
             ... invoked by an orc priest
              (13 damage)
             ... on level 6 of the Dungeon.
             The game lasted 00:22:00 (4954 turns).

Gorice the Poker (Ghoul Wanderer)                   Turns: 4954, Time: 00:22:01

Health: -3/66      AC: 13    Str: 17    XL:     8   Next: 8%
Magic:  7/7        EV:  7    Int:  7    God:    Okawaru [*.....]
Gold:   207        SH:  3    Dex: 12    Spells: 0 memorised, 7 levels left

rFire  . . .     SeeInvis .     B - +0 blowgun
rCold  + . .     Gourm    .     g - +0 chain mail
rNeg   + + +     Faith    .     (no shield)
rPois  ∞         Spirit   .     u - +0 helmet
rElec  .         Dismiss  .     y - +0 cloak
rCorr  .         Reflect  +     v - +0 pair of gloves
SustAt .         Harm     .     (no boots)
MR     +....                    q - +3 amulet of reflection
Stlth  ..........               l - +3 ring of dexterity
                                E - ring of protection from magic

@: rotting, somewhat resistant to hostile enchantments, extremely unstealthy
A: rotting body, claws 1, carnivore 3, cold resistance 1, negative energy
resistance 3, slow regeneration 1, torment resistance, unbreathing
a: Heroism, Renounce Religion


You were on level 6 of the Dungeon.
You worshipped Okawaru.
Okawaru was aware of your devotion.
You were not hungry.

You visited 2 branches of the dungeon, and saw 7 of its levels.

You collected 207 gold pieces.

Inventory:

Hand Weapons
 a - a +3 spear
 b - a +0 hand crossbow
 d - a +0 halberd
 e - a +0 dagger
 B - a +0 blowgun (weapon)
 C - a +0 falchion
Missiles
 i - 44 sling bullets
 n - 10 arrows
 w - 23 poisoned needles (quivered)
 z - a tomahawk
 D - 3 bolts of frost
 G - 4 curare-tipped needles
 Z - 169 stones
Armour
 g - a +0 chain mail (worn)
 u - a +0 helmet (worn)
 v - a +0 pair of gloves (worn)
 y - a +0 cloak (worn)
Jewellery
 l - a +3 ring of dexterity (right hand)
 m - an uncursed ring of stealth
 o - an uncursed ring of stealth
 q - a +3 amulet of reflection (around neck)
 E - a ring of protection from magic (left hand)
Scrolls
 c - 3 scrolls of teleportation {!r}
 F - a scroll of remove curse
Potions
 j - a potion of brilliance {!q}
 k - a potion of ambrosia {!q}
 r - a potion of flight
 t - a potion of might {unknown}
 x - a potion of invisibility {unknown}
 A - a potion of heal wounds {!q}
Comestibles
 f - 2 meat rations {!e}
 p - 2 beef jerkies


   Skills:
 - Level 3.8 Fighting
   Level 1.0(4.4) Axes
 * Level 6.9(7.0) Polearms
 + Level 4.1 Armour
 - Level 1.0 Dodging
 - Level 2.1 Stealth
   Level 1.0 Shields


You had 7 spell levels left.
You didn't know any spells.

Dungeon Overview and Level Annotations

Branches:
Dungeon (6/15)             Temple (1/1) D:4

Altars:
Elyvilon
Fedhas
Kikubaaqudgha
Makhleb
Nemelex Xobeh
Okawaru
Pakellas
Qazlal
Ru
Sif Muna
Vehumet
Xom
Yredelemnul
Zin
The Shining One

Shops:
D:5 =

Annotations:
D:3 UX: Siggers!, Sigmund


Innate Abilities, Weirdness & Mutations

Your body is rotting away.
You thrive on raw meat.
You are immune to poison.
You have sharp fingernails.
You are carnivorous and can eat meat at any time.
Your flesh is cold resistant.
You are immune to negative energy.
You regenerate slowly when monsters are visible.
You are immune to unholy pain and torment.
You can survive without breathing.


Message History

An orc wizard comes into view. It is wielding a dagger.
Damage: 11 (max 11)
The orc wizard shouts!
You hit the orc warrior but do no damage.
The orc warrior hits you with a dire flail!
Damage: 16 (max 16)
Your chain mail prevents you from hitting the orc warrior.
You closely miss the orc warrior.
The orc warrior hits you but does no damage.
The orc wizard casts a spell.
The orc wizard flickers and vanishes!
Deactivating autopickup; reactivate with Ctrl-A.
Wield which item (- for none, * to show all)? (? for menu, Esc to quit)
B - a +0 blowgun (weapon)
Fire/throw which item? (* to show all) (? for menu, Esc to quit)
Press: ? - help, Shift-Dir - straight line, f/p - orc warrior
Aim: an orc warrior, wielding a dire flail and wearing a plate armour
Okay, then.
Unknown command.
Firing (i - inventory. (,) - cycle):
w - 25 poisoned needles (quivered)
Press: ? - help, Shift-Dir - straight line, f - orc priest, p - orc warrior
Aim: an orc priest, wielding a short sword You shoot a poisoned needle.
The poisoned needle hits the orc warrior!
The orc warrior is poisoned.
The orc warrior barely misses you.
Firing (i - inventory. (,) - cycle):
w - 24 poisoned needles (quivered)
Press: ? - help, Shift-Dir - straight line, f/p - orc priest
Aim: an orc priest, wielding a short sword You shoot a poisoned needle.
The poisoned needle hits the orc warrior!
The orc warrior looks even sicker.
The orc warrior is lightly wounded.
An orc wizard appears from thin air!
Reactivating autopickup.
The orc warrior hits you but does no damage.
The orc priest calls down the wrath of Beogh upon you.
Something smites you!
Damage: 13 (max 16)
The orc priest casts a cantrip, but nothing happens.
The orc wizard casts a spell.
The orc wizard flickers and vanishes!
Deactivating autopickup; reactivate with Ctrl-A.
The orc priest calls upon Beogh to heal the orc warrior.
The orc warrior is healed somewhat.
The orc warrior hits you with a dire flail!!
* * * LOW HITPOINT WARNING * * *
Damage: 20 (max 20)
The orc priest invokes the aid of Beogh against you.
Something smites you!
You die...

##########
#.#.#<@.o....#
#.#.########o#
##.#.# #.#
##..#.## #.#
###......# #.#
.##........#
#o#
............#
#.#
............#
#{#
............#
#.#


You could see an orc warrior and an orc priest.

Vanquished Creatures
  An ogre (D:4)
  A phantom (D:5)
  A sky beast (D:5)
  A big kobold (D:4)
  A scorpion (D:5)
  An orc priest (D:5)
  A gnoll shaman (D:5)
  A giant frog skeleton (D:5)
  Crazy Yiuf (D:2)
  An iguana (D:4)
  Ijyb (D:2)
  An orc wizard (D:5)
  2 worker ants
  A hound skeleton (D:4)
  Robin (D:2)
  6 gnolls (D:5)
  8 adders
  An ooze (D:1)
  An adder zombie (D:5)
  A worm (D:3)
  A giant gecko (D:5)
  18 orcs
  3 ball pythons
  6 bats
  9 giant cockroaches
  8 hobgoblins
  4 jackals (D:1)
  17 kobolds
  A quokka (D:2)
  A ball python zombie (D:5)
  2 giant gecko skeletons (D:5)
  3 giant newts
  12 goblins
  A jackal skeleton (D:5)
  A quokka zombie (D:6)
  5 rats
125 creatures vanquished.

Vanquished Creatures (others)
  A fungus (D:2)
1 creature vanquished.

Grand Total: 126 creatures vanquished

Notes
Turn   | Place    | Note
--------------------------------------------------------------
     0 | D:1      | Gorice the Ghoul Wanderer began the quest for the Orb.
     0 | D:1      | Gorice set off with: a +2 spear, a +0 falchion, a scroll of teleportation {!r}, a +0 robe, a +0 dagger, a meat ration {!e}
     0 | D:1      | Reached XP level 1. HP: 19/19 MP: 0/0
    56 | D:1      | Reached skill level 2 in Polearms
   156 | D:1      | Reached XP level 2. HP: 24/26 MP: 1/1
   463 | D:1      | Reached XP level 3. HP: 30/33 MP: 2/2
   900 | D:1      | Reached skill level 3 in Polearms
  1059 | D:2      | HP: 6/33 [kobold/short sword of electrocution (15)]
  1189 | D:2      | Noticed Ijyb
  1212 | D:2      | Killed Ijyb
  1212 | D:2      | Reached skill level 1 in Armour
  1212 | D:2      | Reached XP level 4. HP: 37/40 MP: 3/3
  1615 | D:2      | Reached XP level 5. HP: 44/46 MP: 4/4
  1716 | D:2      | Found an oddly glowing altar of Pakellas.
  1953 | D:2      | Reached skill level 4 in Polearms
  2032 | D:2      | Noticed Robin
  2079 | D:2      | Killed Robin
  2101 | D:2      | Noticed Crazy Yiuf
  2108 | D:2      | Killed Crazy Yiuf
  2108 | D:2      | Reached skill level 2 in Armour
  2438 | D:3      | Noticed Sigmund
  2493 | D:4      | Reached XP level 6. HP: 35/52 MP: 5/5
  2544 | D:4      | Found a staircase to the Ecumenical Temple.
  2566 | Temple   | Entered the Ecumenical Temple
  2670 | Temple   | Became a worshipper of Warmaster Okawaru
  2805 | D:4      | HP: 14/52 [ogre/giant spiked club (12)]
  2808 | D:4      | Reached skill level 5 in Polearms
  3356 | D:5      | Entered Level 5 of the Dungeon
  3360 | D:5      | Noticed a sky beast
  3373 | D:4      | Reached skill level 3 in Armour
  3373 | D:4      | Reached XP level 7. HP: 54/58 MP: 6/6
  3408 | D:5      | Reached * piety under Okawaru
  3555 | D:5      | Reached skill level 6 in Polearms
  3893 | D:5      | Found Sataz's Jewellery Shop.
  3905 | D:5      | Found a sacrificial altar of Ru.
  4134 | D:5      | Reached skill level 4 in Armour
  4134 | D:5      | Reached XP level 8. HP: 63/63 MP: 7/7
  4848 | D:6      | Found a sparkling altar of Nemelex Xobeh.
  4951 | D:6      | HP: 10/66 [orc warrior/dire flail (20)]
  4954 | D:6      | Killed from afar by an orc priest

Vault maps used:
D:1:      dpeg_arrival_prison, minmay_crystal_room, grunt_decor_arrowhead
D:2:      minmay_door_path, grunt_pakellas_salt, uniq_crazy_yiuf_cottage,
          uniq_iyjb, uniq_robin
D:3:      kennysheep_the_goblin_king, uniq_sigmund
D:4:      nicolae_overflow_hidden_temple, temple_fountains,
          kennysheep_generic_room_7
D:5:      kennysheep_mini, first_bread, serial_shops, shop
D:6:      tgw_trog, nemelex_deck, serial_glass, glass_columns_c,
          glass_columns_a, basic_altar, uniq_edmund
Temple:   circular_temple_12

Action                   |  1- 3 |  4- 6 |  7- 9 || total
-------------------------+-------+-------+-------++-------
Melee: Spear             |   131 |   234 |   147 ||   512
 Fire: Hand crossbow     |       |       |    17 ||    17
       Blowgun           |       |       |    10 ||    10
Throw: Stone             |       |    31 |       ||    31
  Use: Scroll            |     1 |     5 |     3 ||     9
       Potion            |       |     1 |       ||     1
 Stab: Sleeping          |     2 |       |       ||     2
       Distracted        |       |       |     1 ||     1
  Eat: Chunk             |    17 |    12 |    14 ||    43

Table legend:
 A = Turns spent in this place as a percentage of turns spent in the entire game.
 B = Non-inter-level travel turns spent in this place as a percentage of non-inter-level travel turns spent in the entire game.
 C = Inter-level travel turns spent in this place as a percentage of turns spent in this place.
 D = Turns resting spent in this place as a percentage of non-inter-level travel turns spent in this place.
 E = Turns spent auto-exploring this place as a percentage of non-inter-level travel turns spent in this place.
 F = Non-inter-level travel turns spent in this place divided by the number of levels of this place that you've seen.
                   A       B       C       D       E      F
               +-------+-------+-------+-------+-------+----------------------
         Total | 100.0 | 100.0 |   0.5 |   0.1 |   8.1 | 249.9
       Dungeon |  98.6 |  98.7 |   0.5 |   0.1 |   7.6 | 287.7
        Temple |   1.4 |   1.3 |   4.2 |   0.0 |  39.1 |  23.0
               +-------+-------+-------+-------+-------+----------------------

Vault maps used:
D:1:      dpeg_arrival_prison, minmay_crystal_room, grunt_decor_arrowhead
D:2:      minmay_door_path, grunt_pakellas_salt, uniq_crazy_yiuf_cottage,
          uniq_iyjb, uniq_robin
D:3:      kennysheep_the_goblin_king, uniq_sigmund
D:4:      nicolae_overflow_hidden_temple, temple_fountains,
          kennysheep_generic_room_7
D:5:      kennysheep_mini, first_bread, serial_shops, shop
D:6:      tgw_trog, nemelex_deck, serial_glass, glass_columns_c,
          glass_columns_a, basic_altar, uniq_edmund
Temple:   circular_temple_12
